 Dungeon Crawl Stone Soup version 0.27.0-1-g7a089689b8 (webtiles) character file.

Game seed: 18381206038186891250

1910 pkoi the Martial Artist (level 8, -1/71 HPs)
             Began as a Pale Draconian Monk on Aug 17, 2021.
             Was an Elder of Trog.
             Shot with an arrow by a centaur (5 damage)
             ... on level 7 of the Dungeon.
             The game lasted 00:07:04 (7198 turns).

pkoi the Martial Artist (Pale Draconian Monk)       Turns: 7198, Time: 00:07:05

Health: -1/71      AC:  6    Str: 15    XL:     8   Next: 94%
Magic:  8/8        EV: 18    Int: 10    God:    Trog [****..]
Gold:   449        SH:  0    Dex: 13    Spells: 7/7 levels left

rFire    + + .     SeeInvis .     - Unarmed
rCold    . . .     Faith    .   (no shield)
rNeg     + + .     Spirit   .   (armour unavailable)
rPois    .         Reflect  .   (helmet restricted)
rElec    .         Harm     .   (no cloak)
rCorr    .         Rampage  .   (no gloves)
Will     +....                  (no boots)
Stlth    +.........             (no amulet)
HPRegen  0.21/turn              f - ring of willpower
MPRegen  0.11/turn              r - ring of Hocwak {rF++ rN++ EV+4 Dex-2}

@: very slow
A: breathe steam, AC +6, unfitting armour, cold-blooded, steam resistance
a: Breathe Steam, Renounce Religion, Berserk, Trog's Hand, Brothers in Arms


You were on level 7 of the Dungeon.
You worshipped Trog.
Trog was greatly pleased with you.
You visited 1 branch of the dungeon, and saw 7 of its levels.

You collected 449 gold pieces.

Inventory:

Missiles
 n - 3 throwing nets (quivered)
Jewellery
 f - a ring of willpower (left hand)
 q - a ring of protection from fire
 r - the ring of Hocwak (right hand) {rF++ rN++ EV+4 Dex-2}
   (You found it on level 5 of the Dungeon)

   [ring of evasion]

   EV:        It affects your evasion (+4).
   Dex:       It affects your dexterity (-2).
   rF:        It greatly protects you from fire.
   rN:        It greatly protects you from negative energy.
Wands
 g - a wand of acid (15)
Scrolls
 a - 2 scrolls of identify
 i - a scroll of enchant weapon
 l - a scroll of blinking
 m - a scroll of teleportation
 p - a scroll of magic mapping
Potions
 c - 2 potions of flight
 e - 4 potions of curing
 h - a potion of cancellation
 s - a potion of haste
 t - a potion of might


   Skills:
 + Level 6.4 Fighting
 + Level 5.3 Dodging
 - Level 1.7 Stealth
 * Level 8.9 Unarmed Combat
 - Level 4.0 Evocations


You had 7 spell levels left.
You didn't know any spells.
Your spell library was empty.

Dungeon Overview and Level Annotations

Branches:
Dungeon (7/15)             Temple (0/1) D:5

Altars:
Ashenzari
Cheibriados
Nemelex Xobeh
Trog
Yredelemnul

Annotations:
D:5 2 runed translucent doors, JackMcBride's ghost, novice MiFi
D:6 4 runed translucent doors, RascalDebosk's ghost, novice DrFi


Innate Abilities, Weirdness & Mutations

You can breathe blasts of scalding, opaque steam.
Your pale cyan-grey scales are hard. (AC +6)
You cannot fit into any form of body armour.
You are cold-blooded and may be slowed by cold attacks.
You are immune to the effects of steam.


Message History

Moving in this stuff is going to be slow.
The centaur shoots an arrow.
The arrow hits you.
The centaur shoots an arrow.
The arrow closely misses you.
The centaur shoots an arrow.
The arrow closely misses you.
The centaur shoots an arrow.
The arrow hits you.
The centaur shoots an arrow.
The arrow closely misses you.
The centaur unwields a +0 shortbow.
The centaur hits you but does no damage.
The centaur kicks you but does no damage.
The centaur shoots an arrow.
The arrow misses you. The centaur completely misses you. The centaur kicks you.
The centaur shoots an arrow.
The arrow closely misses you. The centaur closely misses you.
The centaur kicks you.
The centaur shouts!
You closely miss the centaur.
The centaur is severely wounded.
The centaur shoots an arrow.
The arrow closely misses you.
The centaur shoots an arrow.
The arrow hits you! The centaur completely misses you.
The centaur kicks you but does no damage.
You barely miss the centaur. You tail-slap the centaur.
The centaur is almost dead.
The centaur shoots an arrow.
The arrow hits you. The centaur completely misses you. The centaur misses you.
Your unstable footing causes you to fumble your attack.
The centaur shoots an arrow.
The arrow hits you.
* * * LOW HITPOINT WARNING * * *
The centaur misses you.
The centaur kicks you but does no damage.
The centaur shoots an arrow.
The arrow hits you.
* * * LOW HITPOINT WARNING * * *
The centaur shoots an arrow.
The arrow hits you!
* * * LOW HITPOINT WARNING * * *
Your unstable footing causes you to fumble your attack.
The centaur barely misses you. x2; The centaur shoots an arrow.
The arrow misses you.
The centaur hits you but does no damage.
The centaur closely misses you.
Unknown command.
The centaur shoots an arrow.
The arrow hits you.
You die...

....≈≈≈≈≈≈≈≈≈≈≈≈≈#
##..≈≈≈≈≈≈≈≈≈≈≈≈≈#
#..≈≈≈≈≈≈c≈≈≈≈≈≈#
#..≈≈≈≈≈≈≈≈≈≈≈≈≈#
#..≈≈≈≈≈...≈≈≈≈≈#
#..≈≈≈≈≈...≈≈≈≈≈#
#..≈≈≈c≈...c≈≈≈≈#
#..≈≈≈≈≈≈≈≈≈≈≈≈≈#
#..≈≈≈≈≈≈≈≈≈≈≈≈@#########
#..≈≈≈≈≈≈≈≈≈≈≈≈≈.....!!.#
##..≈≈≈≈≈≈≈≈≈≈c≈≈.######.#
....≈≈≈≈≈≈≈≈≈≈≈≈≈.# #.#
##.###########....# ###.#
#.# ###### #.).# ##.#
#.### ...# #.# #### #.#


You could see 3 centaurs.

Vanquished Creatures
  A steam dragon (D:5)
  A water moccasin (D:7)
  2 necrophages (D:5)
  3 ogres
  A kobold brigand (D:7)
  2 bullfrogs (D:7)
  2 scorpions
  A water moccasin zombie (D:6)
  2 water moccasin skeletons
  5 wights (D:7)
  A bullfrog zombie (D:7)
  3 hounds
  A gnoll shaman (D:5)
  3 centaur skeletons
  Jessica (D:1)
  An iguana (D:4)
  2 orc wizards
  A howler monkey zombie (D:5)
  4 gnolls (D:5)
  8 adders
  A shadow imp (D:5)
  A white imp (D:5)
  A worm (D:3)
  2 dart slugs
  15 orcs
  5 ball pythons
  7 endoplasms
  2 giant cockroaches
  11 goblins
  5 hobgoblins
  2 jackals (D:4)
  8 quokkas
  3 bats
  10 frilled lizards
  A goblin zombie (D:6)
  12 kobolds
  3 rats
134 creatures vanquished.

Vanquished Creatures (others)
  4 plants (D:1)
4 creatures vanquished.

Grand Total: 138 creatures vanquished

Notes
Turn   | Place    | Note
-------+----------+-------------------------------------------
     0 | D:1      | pkoi the Draconian Monk began the quest for the Orb.
     0 | D:1      | Reached XP level 1. HP: 19/19 MP: 1/1
    58 | D:1      | Found a faded altar of an unknown god.
   175 | D:1      | Became a worshipper of Trog the Wrathful
   175 | D:1      | Reached * piety under Trog
   175 | D:1      | Reached ** piety under Trog
   267 | D:1      | Reached XP level 2. HP: 25/26 MP: 2/2
   301 | D:1      | Reached *** piety under Trog
   479 | D:1      | Reached skill level 4 in Unarmed Combat
   993 | D:1      | Reached XP level 3. HP: 30/31 MP: 3/3
  1205 | D:2      | Noticed Jessica
  1219 | D:1      | Killed Jessica
  1364 | D:2      | Reached skill level 5 in Unarmed Combat
  1364 | D:2      | Reached XP level 4. HP: 38/38 MP: 4/4
  1898 | D:2      | Found a snail-covered altar of Cheibriados.
  2388 | D:3      | Reached XP level 5. HP: 45/45 MP: 5/5
  2973 | D:3      | Found a broken altar of Ashenzari.
  2973 | D:3      | Found a sparkling altar of Nemelex Xobeh.
  3203 | D:4      | Reached skill level 1 in Evocations
  3203 | D:4      | Reached XP level 6. HP: 24/52 MP: 6/6
  3365 | D:4      | Reached **** piety under Trog
  3366 | D:4      | Reached skill level 6 in Unarmed Combat
  3733 | D:5      | Entered Level 5 of the Dungeon
  4119 | D:5      | Found a staircase to the Ecumenical Temple.
  4161 | D:5      | Identified the ring of Hocwak {rF++ rN++ EV+4 Dex-2}
  4396 | D:5      | Your scales start taking on a pale cyan-grey colour.
  4396 | D:5      | Reached XP level 7. HP: 60/60 MP: 7/7
  4396 | D:5      | Gained mutation: You are immune to the effects of steam.
                  | [Pale Draconian growth]
  4728 | D:5      | Found a runed translucent door.
  4729 | D:5      | Noticed JackMcBride's ghost (novice MiFi)
  4804 | D:5      | Found a runed translucent door.
  4838 | D:5      | Noticed a steam dragon
  4855 | D:5      | Killed a steam dragon
  4856 | D:5      | Reached skill level 5 in Fighting
  4856 | D:5      | Reached skill level 7 in Unarmed Combat
  4986 | D:6      | Reached XP level 8. HP: 39/68 MP: 8/8
  5185 | D:6      | Found a runed translucent gate.
  5185 | D:6      | Found a runed translucent gate.
  5187 | D:6      | Found a runed translucent gate.
  5266 | D:6      | Noticed RascalDebosk's ghost (novice DrFi)
  5532 | D:6      | Found a runed translucent door.
  5536 | D:6      | Found a basalt altar of Yredelemnul.
  5905 | D:7      | Reached skill level 8 in Unarmed Combat
  6251 | D:7      | Reached skill level 5 in Dodging
  7198 | D:7      | Shot with an arrow by a centaur

Illustrated notes

Levels and vault maps discovered:
D:1:      amcnicky_arrival_choice, layout_basic,
          shapermc_ecumenical_altar_mp_ritualfount, minmay_lizard_king
D:2:      layout_rooms, serial_bayou, serial_bayou_pond_e, serial_bayou_ford_a,
          serial_bayou_lagoon_a, serial_bayou_crossing, basic_altar,
          chequers_serial_rivers_micro_c, kennysheep_generic_room_12,
          uniq_jessica
D:3:      layout_rooms, jmf_multi_god_temple, hangedman_decor_growths
D:4:      layout_rooms
D:5:      layout_loops_ring, minmay_temple_entry_enclosed_plants,
          ebering_ghost_sewer_f
D:6:      layout_loops_ring, dk_yredelemnul_ordeal, gammafunk_ghost_icy
D:7:      nicolae_whirlpool, layout_loops_ring

Skill      XL: |  1  2  3  4  5  6  7  8 |
---------------+-------------------------+-----
Unarmed Combat | 4 5 6 7 8 |  8.9
Dodging        | 3 4 5 |  5.3
Fighting       | 4 5 6 |  6.4
Evocations     | 1 2 3 4 |  4.0
Stealth        | |  1.7

Action                   |  1- 3 |  4- 6 |  7- 9 || total
-------------------------+-------+-------+-------++-------
Melee: Unarmed           |    79 |   263 |   215 ||   557
       Tailslap          |    10 |    34 |    30 ||    74
       Punch             |     1 |     6 |     7 ||    14
Invok: Berserk           |       |     2 |     1 ||     3
Evoke: Wand              |       |       |     1 ||     1
  Use: Scroll            |       |       |    15 ||    15
 Stab: Sleeping          |     3 |     3 |     2 ||     8
Armor: Skin              |    17 |    70 |    47 ||   134
Dodge: Dodged            |    42 |   147 |   197 ||   386
